 Dungeon Crawl Stone Soup version 0.17-a0-1450-g7e755d1 (webtiles) character file.

319 pulse the Skirmisher (level 6, 0/49 HPs)
             Began as a Formicid Berserker on June 30, 2015.
             Was a Believer of Trog.
             Slain by Sirial's ghost (1 damage)
             ... on level 4 of the Dungeon.
             The game lasted 00:06:12 (3952 turns).

pulse the Skirmisher (Formicid Berserker)           Turns: 3952, Time: 00:06:13

Health: 0/49       AC: 10    Str: 23    XL:     6   Next: 75%
Magic:  15/15      EV: 11    Int:  6    God:    Trog [**....]
Gold:   151        SH:  0    Dex: 11    Spells: 0 memorised, 5 levels left

rFire  . . .     SeeInvis +     a - +0 hand axe
rCold  + . .     Clarity  .     r - +3 scale mail {rC+}
rNeg   . . .     SustAt   .     (no shield)
rPois  .         Gourm    .     (helmet unavailable)
rElec  .         Spirit   .     (no cloak)
rCorr  .         Warding  .     (no gloves)
rMut   .         Stasis   +     (no boots)
MR     .....                    e - amulet of inaccuracy (curse)
Stlth  ..........               (no ring)
                                k - ring of magical power

@: not resistant to hostile enchantments, extremely unstealthy
A: permanent stasis, dig shafts and tunnels, four strong arms, antennae 3
a: Dig, Shaft Self, Burn Spellbooks, Trog's Hand, Renounce Religion


You were on level 4 of the Dungeon.
You worshipped Trog.
Trog was pleased with you.
You were full.

You visited 1 branch of the dungeon, and saw 4 of its levels.

You collected 151 gold pieces.

Inventory:

Hand weapons
 a - a +0 hand axe (weapon)
Armour
 r - a +3 scale mail of cold resistance (worn)
Jewellery
 b - an uncursed amulet of the gourmand
 e - a cursed amulet of inaccuracy (around neck)
 j - an uncursed amulet of clarity
 k - a ring of magical power (left hand)
Magical devices
 s - a wand of random effects (21)
Scrolls
 q - a scroll of enchant armour
 v - a scroll of identify
Potions
 d - 2 potions of flight
Comestibles
 c - 3 bread rations
 i - a beef jerky
 m - 4 fruits
 n - a meat ration


   Skills:
 + Level 4.5 Fighting
 * Level 4.2 Axes
 + Level 4.2 Armour
 - Level 3.2 Dodging
 + Level 1.0 Stealth


You had 5 spell levels left.
You didn't know any spells.

Dungeon Overview and Level Annotations

Branches:
Dungeon (4/15)
 Temple: D:4-7

Altars:
Okawaru

Annotations:
D:4 Sirial's ghost, average DsWn


Innate Abilities, Weirdness & Mutations

You are under a permanent stasis effect.
You can dig through walls and to a lower floor.
Your four strong arms can wield two-handed weapons with a shield.
You have a pair of large antennae on your head (SInv).


Message History

You hit Sirial's ghost but do no damage.
Sirial's ghost is heavily damaged.
Sirial's ghost points at you and mumbles some strange words.
The magic dart hits you!
You miss Sirial's ghost.
Sirial's ghost is heavily damaged.
Sirial's ghost hits you but does no damage.
You closely miss Sirial's ghost.
Sirial's ghost is heavily damaged.
Sirial's ghost hits you.
* * * LOW HITPOINT WARNING * * *
Sirial's ghost burns you.
* * * LOW HITPOINT WARNING * * *
You hit Sirial's ghost but do no damage.
Sirial's ghost is heavily damaged.
Sirial's ghost hits you but does no damage.
Sirial's ghost hits you.
* * * LOW HITPOINT WARNING * * *
Sirial's ghost burns you.
You die...

.# #.# #.# #.# #.#
#.# # ##.# #.## #
#..# #..# # #..#
##..# # #..## #..†#
####...########.@.#
.##...>.........W##
.............?...#
.................#
#.........!.......#
#....##.....#####..#
##.<####...## #..#
#..# #...# #... #..#
##..# #..


You could see Sirial's ghost.

Vanquished Creatures
  The ghost of Sirial the Vexing, an average DEAM of Ru (D:3)
  Ijyb (D:2)
  A giant frog skeleton (D:3)
  A worker ant (D:3)
  Jessica (D:3)
  Natasha (D:3)
  6 adders
  2 oozes (D:1)
  A worm (D:3)
  A giant gecko (D:1)
  An orc (D:3)
  A ball python (D:2)
  8 bats
  3 giant cockroaches
  5 hobgoblins
  2 quokkas (D:3)
  3 giant newts
  11 goblins
  10 kobolds
  4 rats
64 creatures vanquished.

Notes
Turn   | Place    | Note
--------------------------------------------------------------
     0 | D:1      | pulse the Formicid Berserker began the quest for the Orb.
     0 | D:1      | Reached XP level 1. HP: 18/18 MP: 1/1
   112 | D:1      | Reached XP level 2. HP: 10/24 MP: 2/2
   584 | D:1      | Reached XP level 3. HP: 20/29 MP: 3/3
  1023 | D:2      | Acquired Trog's second power
  1071 | D:2      | Found an iron altar of Okawaru.
  1172 | D:2      | Reached XP level 4. HP: 19/37 MP: 4/4
  1362 | D:2      | Noticed Ijyb
  1396 | D:2      | Killed Ijyb
  1735 | D:2      | Reached XP level 5. HP: 40/42 MP: 5/5
  2333 | D:3      | Noticed Jessica
  2355 | D:3      | Killed Jessica
  2624 | D:3      | Reached skill level 4 in Fighting
  2990 | D:3      | Reached XP level 6. HP: 43/48 MP: 6/6
  3411 | D:3      | Noticed Sirial's ghost (average DEAM)
  3439 | D:3      | Killed Sirial's ghost
  3690 | D:3      | Noticed Natasha
  3701 | D:3      | Killed Natasha
  3701 | D:3      | Reached skill level 1 in Stealth
  3876 | D:4      | Noticed Sirial's ghost (average DsWn)
  3952 | D:4      | HP: 1/49 [Sirial's ghost (2)]
  3952 | D:4      | Slain by Sirial's ghost

Vault maps used:
D:1:      elethiomel_arrival_fortress_basement, serial_corexii_hall,
          corexii_hall_statues_i, corexii_hall_statues_l, kennysheep_flooded_box
D:2:      grunt_decor_arrowhead, okawaru_gym_becter, uniq_iyjb
D:3:      uniq_jessica, uniq_natasha
D:4:      first_bread, uniq_sigmund

Action                   |  1- 3 |  4- 6 || total
-------------------------+-------+-------++-------
Melee: Hand axe          |   135 |   315 ||   450
  Use: Scroll            |       |     7 ||     7
       Potion            |       |     9 ||     9
  Eat: Chunk             |     2 |    14 ||    16
